 Dungeon Crawl Stone Soup version 0.25-a0-285-gcba6f664f8 (webtiles) character file.

Game seed: 3948614066427188243, levelgen mode: deterministic

297 Goblin1989 the Chopper (level 6, -3/48 HPs)
             Began as a Demonspawn Chaos Knight on Dec 12, 2019.
             Was a Plaything of Xom.
             Killed by divine providence
             ... invoked by an orc priest
              (11 damage)
             ... on level 4 of the Dungeon.
             The game lasted 00:03:58 (2605 turns).

Goblin1989 the Chopper (Demonspawn Chaos Knight)    Turns: 2605, Time: 00:03:58

Health: -3/48      AC:  5    Str: 14    XL:     6   Next: 12%
Magic:  0/6        EV: 12    Int: 14    God:    Xom [....*.]
Gold:   514        SH:  0    Dex: 12    Spells: 5/5 levels left

rFire    . . .     SeeInvis .   a - +0 hand axe (chaos)
rCold    . . .     Gourm    .   (no shield)
rNeg     . . .     Faith    .   b - +2 leather armour
rPois    .         Spirit   +   (no helmet)
rElec    .         Reflect  .   (no cloak)
rCorr    .         Harm     .   (no gloves)
MR       .....                  (no boots)
Stlth    +.........             r - amulet of regeneration
HPRegen  0.56/turn              (no ring)
MPRegen  0.20/turn              (no ring)

@: no status effects
A: mutation resistance 1, magic shield, magic regeneration
a: Renounce Religion


You were on level 4 of the Dungeon.
You worshipped Xom.
You were a beloved toy of Xom.
You were not hungry.

You visited 1 branch of the dungeon, and saw 4 of its levels.

You collected 514 gold pieces.

Inventory:

Hand Weapons
 a - a +0 hand axe of chaos (weapon)
Missiles
 j - 4 javelins (quivered) {@Q2}
 l - 8 boomerangs
Armour
 b - a +2 leather armour (worn)
 t - a +0 scale mail
 u - a +0 helmet
 y - a cursed +0 pair of boots
 E - the +8 orange crystal plate armour {Archmagi, Int+3 Clar}
   (You found it on level 4 of the Dungeon)

   It affects your intelligence (+3).
   It protects you against confusion.
Jewellery
 i - an uncursed amulet of rage
 r - an amulet of regeneration (around neck)
 A - an uncursed ring of see invisible {unknown}
 B - an uncursed ring of flight {unknown}
Scrolls
 g - a scroll of enchant weapon {unknown}
 h - 4 scrolls of identify {unknown}
 m - 3 scrolls of teleportation {unknown}
 n - 2 scrolls of blinking {unknown}
 p - a scroll of noise {unknown}
 x - a scroll of remove curse {unknown}
 z - a scroll of fear {unknown}
 D - a scroll of immolation {unknown}
Potions
 k - a potion of curing {unknown}
 q - 2 potions of brilliance {unknown}
 s - a potion of magic {unknown}
 v - a potion of ambrosia {unknown}
 F - a potion of flight {unknown}
Comestibles
 e - 7 rations
 G - 2 chunks of flesh


   Skills:
 + Level 4.0 Fighting
 * Level 4.5 Axes
 + Level 3.0 Armour
 + Level 2.5 Dodging


You had 5 spell levels left.
You didn't know any spells.
Your spell library was empty.

Dungeon Overview and Level Annotations

Branches:
Dungeon (4/15)             Temple (0/1) D:4

Altars:
Elyvilon
Ru
Xom
Yredelemnul

Annotations:
D:4 2 runed translucent doors


Innate Abilities, Weirdness & Mutations

When hurt, damage is shared between your health and your magic reserves.
You regenerate magic rapidly.
You are somewhat resistant to further mutation.


Message History

You are too injured to fight recklessly!
You are too injured to fight recklessly!
You are too injured to fight recklessly!
You are too injured to fight recklessly!
You are too injured to fight recklessly!
You are too injured to fight recklessly!
You are too injured to fight recklessly!
You are too injured to fight recklessly!
You are too injured to fight recklessly!
You are too injured to fight recklessly!
You are too injured to fight recklessly!
You are too injured to fight recklessly!
You are too injured to fight recklessly!
You are too injured to fight recklessly!
You are too injured to fight recklessly!
You are too injured to fight recklessly!
You are too injured to fight recklessly!
You are too injured to fight recklessly!
You are too injured to fight recklessly!
You are too injured to fight recklessly!
You are too injured to fight recklessly!
You are too injured to fight recklessly!
You see here a falchion.
MP restored: 5 You don't know any spells.
All of the chunks of flesh in your inventory have rotted away.
An ogre appears from thin air!
Reactivating autopickup.
You hit the ogre.
The ogre appears confused.
You feel momentarily weightless.
The ogre is moderately wounded.
The ogre barely misses you.
You hit the ogre.
The ogre is moderately wounded.
The ogre misses you. The ogre barely misses you.
You catch the helpless ogre completely off-guard!
You hit the ogre. You freeze the ogre.
The ogre is heavily wounded.
You slash the ogre!
The ogre is severely wounded.
The ogre misses you.
Health restored: 42 The ogre seems less confused.
You hit the ogre.
The ogre is almost dead.
The ogre barely misses you.
You hit the ogre.
You kill the ogre!
Your Fighting skill increases to level 4!
Your Armour skill increases to level 3!
You have reached level 6!
Your experience leads to an increase in your attributes!
Increase (S)trength, (I)ntelligence, or (D)exterity?
You feel stronger.
Health restored: 48; MP restored: 6 Unknown command.
Unknown command.
You butcher the ogre corpse.
G - 3 chunks of flesh
Things that are here:
a +0 giant club; an ogre skeleton
Things that are here:
a +0 giant club; an ogre skeleton Eating one of 3 chunks of flesh.
You eat one of the 3 chunks of flesh.
This raw flesh tastes terrible.
An orc priest comes into view. It is wielding a +0 hand axe.
An orc priest is nearby!
The orc priest shouts!
An orc warrior comes into view. It is wielding a +0 halberd.
An orc wizard comes into view.
It is wielding a -2 dagger and carrying a wand of digging (6).
The orc priest miscasts a cantrip.
You hit the orc priest.
The orc priest is poisoned.
The orc priest is lightly wounded.
The orc priest hits you but does no damage.
The orc wizard zaps a wand.
Some rock shatters into small pieces.
You barely miss the orc priest.
The orc priest is lightly wounded. "Forecast: mostly cloudy."
The orc warrior hits you from afar with a +0 halberd!
The orc priest hits you with a +0 hand axe.
You take 11 damage, and have 37/48 hp.
MASSIVE DAMAGE!!
You now have 3/6 mp.
You hit the orc priest.
The orc priest is heavily wounded.
The orc warrior hits you from afar with a +0 halberd!!
Ouch! That really hurt!
* * * LOW HITPOINT WARNING * * *
The orc priest misses you.
The orc wizard gestures wildly while chanting.
The orc wizard blinks!
You take 23 damage, and have 14/48 hp.
MASSIVE DAMAGE!!
You now have 2/6 mp.
You hit the orc priest.
You feel better.
The orc priest is almost dead.
The orc warrior closely misses you.
The orc priest mumbles some strange prayers to Beogh against you.
Beogh smites you!
* * * LOW HITPOINT WARNING * * *
You take 7 damage, and have 7/48 hp.
You now have 1/6 mp.
The orc priest mumbles some strange prayers to Beogh against you.
Beogh smites you!
You die...

█. █.█ █..██ ██. █.██ ██.█
███.██ █.. █..█ █..███....█
██.. █..██ █......█....██...
.███ █...███.....████.......
....███████...██......██
██.....
......█.?..............█ ██.███
.........█████...§█....█████..█
.██....██ █.)§@§§§..........██
███..█ ███..█§§oo...█... ...██
█..█ █...███§§......... █..█
█..████..███.§...██▲███ █..█
██...██...█.█.....█≈≈≈████...
███.........█.█...█.█ ≈≈█..█...
█...███....███......█ ███....
█...█.███..█.██.█...██ █......
....████ █...█..██...█ █..██..


You could see an orc priest.

Vanquished Creatures
  An ogre (D:4)
  Jessica (D:2)
  A worker ant (D:4)
  A hound skeleton (D:4)
  2 gnolls (D:1)
  6 adders
  A worm (D:2)
  5 leopard geckos
  3 orcs
  A ball python (D:1)
  7 giant cockroaches
  8 goblins
  2 hobgoblins
  7 jackals
  2 quokkas
  5 bats
  2 frilled lizards
  6 kobolds
  A quokka skeleton (D:4)
  6 rats
68 creatures vanquished.

Notes
Turn   | Place    | Note
-------+----------+-------------------------------------------
     0 | D:1      | Goblin1989 the Demonspawn Chaos Knight began the quest for
                  | the Orb.
     0 | D:1      | Reached XP level 1. HP: 18/18 MP: 1/1
    89 | D:1      | Reached skill level 1 in Dodging
   184 | D:1      | Gained mutation: When hurt, damage is shared between your
                  | health and your magic reserves. [demonic ancestry]
   184 | D:1      | Reached XP level 2. HP: 24/24 MP: 2/2
   261 | D:1      | Gained mutation: You regenerate magic rapidly. [demonic
                  | ancestry]
   261 | D:1      | Reached XP level 3. HP: 26/29 MP: 3/3
   981 | D:2      | XOM: enchant monster (good)
  1008 | D:2      | Reached XP level 4. HP: 35/35 MP: 4/4
  1071 | D:2      | Found a white marble altar of Elyvilon.
  1281 | D:2      | XOM: god gift: 380 gold pieces {god gift}
  1325 | D:2      | Found a basalt altar of Yredelemnul.
  1330 | D:2      | Noticed Jessica
  1342 | D:2      | Killed Jessica
  1528 | D:2      | Reached XP level 5. HP: 41/41 MP: 5/5
  1818 | D:3      | Found a faded altar of an unknown god.
  1942 | D:3      | Found a sacrificial altar of Ru.
  2055 | D:3      | XOM: scenery: create altars
  2267 | D:4      | XOM: noise
  2274 | D:4      | Found a runed translucent door.
  2336 | D:4      | XOM: give mutation
  2336 | D:4      | Gained mutation: You are somewhat resistant to further
                  | mutation. [Xom's grace]
  2349 | D:4      | Found a staircase to the Ecumenical Temple.
  2433 | D:4      | Found the +8 orange crystal plate armour {Archmagi, Int+3
                  | Clar}
  2484 | D:4      | Found a runed translucent door.
  2543 | D:4      | Noticed an ogre
  2593 | D:4      | Killed an ogre
  2593 | D:4      | Reached XP level 6. HP: 48/48 MP: 6/6
  2598 | D:4      | Noticed an orc warrior
  2602 | D:4      | XOM: fog
  2605 | D:4      | Killed from afar by an orc priest

Levels and vault maps discovered:
D:1:      mrwooster_arrival_statue_3, layout_rooms
D:2:      layout_rooms, elyvilon_altar_1, yredelemnul_altar_generic,
          minmay_misc_feat_iff, uniq_jessica
D:3:      layout_basic, lemuel_doored_altar, chequers_ecumenical_altar_island,
          minmay_cut_off
D:4:      layout_layer_cave, led_sif_pool, minmay_temple_entry_grid,
          ebering_ghost_sewer_f, okawaru_trees_2

Skill      XL: |  1  2  3  4  5 |
---------------+----------------+-----
Dodging        | 1 2 |  2.5
Armour         | 2 3 |  3.0
Axes           | 3 4 |  4.5
Fighting       | 4 |  4.0

Action                   |  1- 3 |  4- 6 || total
-------------------------+-------+-------++-------
Melee: Hand axe          |   103 |   132 ||   235
 Stab: Petrified         |     7 |     3 ||    10
       Confused          |       |     3 ||     3
       Petrifying        |       |     1 ||     1
  Eat: Chunk             |       |     6 ||     6
Armor: Leather armour    |    35 |    32 ||    67
Dodge: Dodged            |    74 |    91 ||   165

Table legend:
 A = Non-vault XP
 B = Vault XP
 C = Vault XP percentage of total XP
 D = Non-vault monster count
 E = Vault monster count
 F = Vault count percentage of total count
                 A         B        C        D         E       F
            +---------+---------+-------+---------+---------+-------
      Total |     382 |      43 |  10.1 |      64 |       4 |   5.9
            +---------+---------+-------+---------+---------+-------
        D:1 |      77 |       0 |   0.0 |      31 |       0 |   0.0
        D:2 |     100 |      37 |  27.0 |      20 |       1 |   4.8
        D:3 |       8 |       6 |  42.9 |       4 |       3 |  42.9
        D:4 |     197 |       0 |   0.0 |       9 |       0 |   0.0
            +---------+---------+-------+---------+---------+-------

Levels and vault maps discovered:
D:1:      mrwooster_arrival_statue_3, layout_rooms
D:2:      layout_rooms, elyvilon_altar_1, yredelemnul_altar_generic,
          minmay_misc_feat_iff, uniq_jessica
D:3:      layout_basic, lemuel_doored_altar, chequers_ecumenical_altar_island,
          minmay_cut_off
D:4:      layout_layer_cave, led_sif_pool, minmay_temple_entry_grid,
          ebering_ghost_sewer_f, okawaru_trees_2
